 Dungeon Crawl Stone Soup version 0.29.1 (webtiles) character file.

Game seed: 16465923698715903894

9 ILmort the Trooper (level 2, 0/24 HPs)
             Began as a Demonspawn Fighter on Sept 14, 2022.
             Slain by a gnoll
             ... wielding a +0 spear
              (3 damage)
             ... on level 1 of the Dungeon.
             The game lasted 00:00:45 (51 turns).

ILmort the Trooper (Demonspawn Fighter)               Turns: 51, Time: 00:00:46

Health: 0/24       AC:  6    Str: 16    XL:     2   Next: 3%
Magic:  2/2        EV:  8    Int:  9    God:
Gold:   0          SH:  4    Dex: 12    Spells: 1/1 levels left

rFire   . . .      SeeInvis .   a - +0 rapier
rCold   . . .      Faith    .   c - +0 buckler
rNeg    . . .      Spirit   .   b - +0 scale mail
rPois   .          Reflect  .   (no helmet)
rElec   .          Harm     .   (no cloak)
rCorr   .          Rampage  .   (no gloves)
Will    .....                   (no boots)
Stlth   ..........              (no amulet)
HPRegen 0.08/turn               (no ring)
MPRegen 0.16/turn               (no ring)

@: no status effects
A: magic regeneration
a: no special abilities


You were on level 1 of the Dungeon.
You visited 1 branch of the dungeon, and saw 1 of its levels.

Inventory:

Hand Weapons
 a - a +0 rapier (weapon)
Armour
 b - a +0 scale mail (worn)
 c - a +0 buckler (worn)
Potions
 d - a potion of might


   Skills:
 + Level 3.1 Fighting
 * Level 2.1 Short Blades
 + Level 2.8 Armour
 + Level 2.8 Shields


You had one spell level left.
You didn't know any spells.
Your spell library was empty.

Dungeon Overview and Level Annotations

Branches:
Dungeon (1/15)

Altars:


Innate Abilities, Weirdness & Mutations

You regenerate magic rapidly.


Message History

You are too injured to fight recklessly!
You are too injured to fight recklessly!
You are too injured to fight recklessly!
You are too injured to fight recklessly!
You are too injured to fight recklessly!
You are too injured to fight recklessly!
You are too injured to fight recklessly!
You are too injured to fight recklessly!
You hit the frilled lizard.
You kill the frilled lizard!
The gnoll closely misses you. The dart slug launches a dart at you.
The slug dart hits you but does no damage.
The gnoll hits you from afar with a +0 spear.
The dart slug launches a dart at you. You block the slug dart.
Items here: ) ? †††.
You hit the dart slug. The gnoll barely misses you.
The dart slug launches a dart at you. The slug dart misses you.
You hit the dart slug.
The gnoll hits you from afar with a +0 spear.
* * * LOW HITPOINT WARNING * * *
Found 15 gold pieces.
The dart slug barely misses you. The gnoll hits you but does no damage.
You hit the dart slug.
You kill the dart slug!
The gnoll hits you with a +0 spear.
* * * LOW HITPOINT WARNING * * *
You have reached level 2!
Your demonic ancestry asserts itself...
Your magic begins to regenerate rapidly.
You closely miss the gnoll. You block the gnoll's attack.
Found a runed cloak.
The gnoll hits you with a +0 spear.
* * * LOW HITPOINT WARNING * * *
You completely miss the gnoll. The gnoll hits you but does no damage.
You hit the gnoll but do no damage. You block the gnoll's attack. x2
You hit the gnoll. The gnoll hits you but does no damage.
You hit the gnoll. The gnoll hits you with a +0 spear.
You die...

####... ###########
....... #<#≈P~PP'.#
##....... #.#≈≈PP.#.#
##......$.
#.#P~..≈#.#####.........
#~....~~#....##.........
#≈~~~P..#.##..#?.......[
#~≈.~~≈.#.###.#.@.......
#≈..P.~P+.# #.).g.......
########### ####$)......
#........ .........
......... .........
#.........


You could see a gnoll.

Vanquished Creatures
  A dart slug (D:1)
  An endoplasm (D:1)
  A hobgoblin (D:1)
  A kobold (D:1)
  2 bats (D:1)
  A frilled lizard (D:1)
7 creatures vanquished.

Notes
Turn   | Place    | Note
-------+----------+-------------------------------------------
     0 | D:1      | ILmort the Demonspawn Fighter began the quest for the Orb.
     0 | D:1      | Reached XP level 1. HP: 18/18 MP: 1/1
    46 | D:1      | Gained mutation: You regenerate magic rapidly. [demonic
                  | ancestry]
    46 | D:1      | Reached XP level 2. HP: 3/24 MP: 2/2
    51 | D:1      | Slain by a gnoll

Illustrated notes

Levels and vault maps discovered:
D:1:      lightli_arrival_flooded_house, layout_rooms, serial_shops, shop

Skill      XL: |  1 |
---------------+----+-----
Short Blades   | 2 |  2.1
Fighting       | |  3.1
Armour         | |  2.8
Shields        | |  2.8

Action                   || total
-------------------------++-------
Melee: Rapier            ||    25
Armor: Scale mail        ||    21
Dodge: Dodged            ||    10
Block: Buckler           ||    12
